 Dungeon Crawl Stone Soup version 0.30.1-9-gdf580d7c3d (webtiles) character file.

Game seed: 12283852090497254987

623 KittyFluff the Chopper (level 7, -3/91 HPs)
             Began as a Minotaur Berserker on Oct 13, 2023.
             Was a Believer of Trog.
             Slain by a lemure (5 damage)
             ... led by Pikel
             ... on level 4 of the Dungeon.
             The game lasted 00:10:14 (2831 turns).

KittyFluff the Chopper (Minotaur Berserker)         Turns: 2831, Time: 00:10:14

Health: -3/91      AC:  6    Str: 23    XL:     7   Next: 22%
Magic:  6/6        EV: 12    Int:  4    God:    Trog [**....]
Gold:   297        SH:  0    Dex: 10    Spells: 6/6 levels left

rFire   . . .        a - +0 hand axe
rCold   . . .        (no shield)
rNeg    + . .        w - +0 leather armour
rPois   .            (helmet restricted)
rElec   .            (no cloak)
rCorr   .            t - +0 pair of gloves
SInv    .            n - +0 pair of boots
Will    .....        (no amulet) Stlth
                     B - ring of positive energy
HPRegen 0.35/turn    (no ring)
MPRegen 0.10/turn

%: no passive effects
@: berserking, very quick
A: horns 2, retaliatory headbutt
a: Renounce Religion, Berserk, Trog's Hand


You were on level 4 of the Dungeon.
You worshipped Trog.
Trog was pleased with you.
You visited 1 branch of the dungeon, and saw 4 of its levels.

You collected 297 gold pieces.

Inventory:

Hand Weapons
 a - a +0 hand axe (weapon)
 b - a +0 war axe of freezing
 h - a +0 sling
 z - a +0 arbalest
 D - a +2 battleaxe of electrocution
Missiles
 l - 4 boomerangs (quivered)
 y - 8 poisoned darts
Armour
 n - a +0 pair of boots (worn)
 t - a +0 pair of gloves (worn)
 w - a +0 leather armour (worn)
Jewellery
 B - a ring of positive energy (left hand)
Wands
 u - a wand of flame (21)
Scrolls
 c - a scroll of blinking {unknown}
 e - 4 scrolls of identify {unknown}
 f - 2 scrolls of magic mapping {unknown}
 j - a scroll of noise {unknown}
 k - a scroll of enchant armour {unknown}
 m - 4 scrolls of teleportation {unknown}
 r - a scroll of summoning {unknown}
 v - a scroll of vulnerability {unknown}
 x - a scroll of silence {unknown}
 A - a scroll of enchant weapon {unknown}
 C - a scroll of fear {unknown}
Potions
 d - a potion of might {unknown}
 g - a potion of invisibility {unknown}
 i - 2 potions of berserk rage {unknown}
 o - 2 potions of lignification {unknown}
 p - 2 potions of cancellation {unknown}
 q - 3 potions of brilliance {unknown}
 s - 2 potions of haste {unknown}


   Skills:
 + Level 5.2 Fighting
 * Level 6.5 Axes
 * Level 5.9 Armour
 + Level 4.0 Dodging


You had 6 spell levels left.
You didn't know any spells.
Your spell library was empty.

Dungeon Overview and Level Annotations

Branches:
Dungeon (4/15)
 Temple: D:4-7

Altars:
Hepliaklqana
Kikubaaqudgha
Okawaru
Trog
Wu Jian
Xom
Yredelemnul

Annotations:
D:4 Pikel


Innate Abilities, Weirdness & Mutations

You have a pair of horns on your head.
You reflexively headbutt those who attack you in melee.


Message History

The lemure is moderately wounded.
You closely miss the lemure. The lemure hits you. The lemure barely misses you.
The lemure barely misses you. You furiously retaliate!
You headbutt the lemure! The lemure hits you but does no damage.
The lemure hits you but does no damage. The lemure closely misses you.
Pikel says, "Hell isn't that bad."
Pikel barely misses you. You furiously retaliate!
You headbutt Pikel! The lemure hits you.
You hit Pikel but do no damage. You headbutt Pikel.
Pikel is heavily wounded.
You hit the lemure but do no damage. x3; You closely miss the lemure.
Pikel hits you but does no damage. The lemure hits you but does no damage.
The lemure hits you. The lemure barely misses you.
The lemure hits you but does no damage.
You barely miss Pikel.
Pikel is heavily wounded.
You barely miss the lemure. You hit the lemure but do no damage. x2
You hit the lemure. Pikel barely misses you. The lemure hits you.
The lemure closely misses you. You furiously retaliate!
You headbutt the lemure. The lemure closely misses you.
The lemure barely misses you.
You barely miss Pikel.
Pikel is heavily wounded.
You hit the lemure. You barely miss the lemure. You closely miss the lemure.
You hit the lemure but do no damage. Pikel completely misses you.
The lemure hits you! The lemure hits you. The lemure barely misses you.
The lemure hits you.
You hit Pikel but do no damage.
Pikel is heavily wounded.
You hit the lemure. You barely miss the lemure. x2
You hit the lemure but do no damage. The lemure barely misses you. x2
You furiously retaliate!
You headbutt the lemure. The lemure hits you.
Pikel hits you with a +1 whip of electrocution.
You are electrocuted!!
* * * LOW HITPOINT WARNING * * *
The lemure hits you but does no damage.
A red film seems to cover your vision as you go berserk!
You feel yourself moving faster!
You feel mighty! Pikel misses you. The lemure hits you.
You die...

#.#.....#..≈.....
#.......#..≈≈≈≈≈≈
#.#.....#........
#.......#..##....
#########...#....
#......# ..
#......#....
#..55.$.#
#..@..$.#
#.5K5...#
#.......#
#.......#
#........#
#......#.#
########... ##


You could see Pikel and 4 lemures.

Vanquished Creatures
  Sigmund (D:2)
  A black bear (D:4)
  Blork the orc (D:4)
  2 orc priests (D:3)
  2 hounds (D:4)
  2 centaur skeletons (D:4)
  An orc wizard (D:3)
  2 hound zombies (D:4)
  A howler monkey zombie (D:4)
  2 adder zombies (D:4)
  A worm (D:2)
  A dart slug (D:1)
  6 orcs
  2 endoplasms
  2 giant cockroaches
  6 goblins
  7 hobgoblins
  5 jackals (D:1)
  7 kobolds
  3 quokkas
  4 ball pythons
  3 bats
  3 frilled lizards
  2 rats (D:1)
67 creatures vanquished.

Notes
Turn   | Place    | Note
-------+----------+-------------------------------------------
     0 | D:1      | KittyFluff the Minotaur Berserker began the quest for the
                  | Orb.
     0 | D:1      | Reached XP level 1. HP: 19/19 MP: 0/0
   109 | D:1      | Reached XP level 2. HP: 27/27 MP: 1/1
   432 | D:1      | Reached skill level 4 in Axes
   848 | D:2      | Reached XP level 3. HP: 25/33 MP: 2/2
   931 | D:2      | Found a faded altar of an unknown god.
   990 | D:2      | Reached ** piety under Trog
  1005 | D:2      | Noticed Sigmund
  1036 | D:2      | Killed Sigmund
  1037 | D:2      | Reached skill level 5 in Axes
  1037 | D:2      | Reached XP level 4. HP: 12/41 MP: 3/3
  1037 | D:2      | Reached XP level 5. HP: 14/47 MP: 4/4
  1555 | D:3      | Reached XP level 6. HP: 21/53 MP: 5/5
  2127 | D:3      | Found a faded altar of an unknown god.
  2132 | D:3      | Found an iron altar of Okawaru.
  2213 | D:4      | Reached skill level 5 in Armour
  2215 | D:4      | Reached skill level 6 in Axes
  2239 | D:4      | Reached skill level 5 in Fighting
  2361 | D:4      | Found a bloodstained altar of Trog.
  2413 | D:4      | Found a basalt altar of Yredelemnul.
  2414 | D:4      | Found an ornate altar of the Wu Jian Council.
  2415 | D:4      | Found a shimmering altar of Xom.
  2416 | D:4      | Found an ancient bone altar of Kikubaaqudgha.
  2564 | D:4      | Reached XP level 7. HP: 61/61 MP: 6/6
  2572 | D:4      | Noticed Blork the orc
  2589 | D:4      | Killed Blork the orc
  2768 | D:4      | Found a hazy altar of Hepliaklqana.
  2822 | D:4      | Noticed Pikel
  2830 | D:4      | HP: 1/61 [Pikel/+1 whip of electrocution (18)]
  2831 | D:4      | Slain by a lemure

Illustrated notes

Levels and vault maps discovered:
D:1:      tarquinn_simple_flora_water_d, layout_loops_ring, minmay_statues_item
D:2:      layout_rooms, shapermc_ecumenical_altar_mp_highgroup, st_stairs_9,
          kennysheep_generic_room_14, uniq_sigmund
D:3:      layout_rooms, nicolae_overflow_ecumenical_swirl, kennysheep_orc_chapel
D:4:      layout_rooms, mainiacjoe_overflow_concentric_impassable,
          mainiacjoe_overflow_alcove_3, mainiacjoe_overflow_brackets,
          serial_undead, serial_undead_d, serial_undead_f, serial_undead_e,
          serial_undead_c, hangedman_decor_peaks_small, minmay_crystal_room,
          uniq_blork_the_orc, uniq_pikel

Skill      XL: |  1  2  3  4  5  6  7 |
---------------+----------------------+-----
Axes           | 4 5 6 |  6.5
Armour         | 3 4 5 |  5.9
Fighting       | 4 5 |  5.2
Dodging        | 3 4 |  4.0

Action                     |  1- 3 |  4- 6 |  7- 9 || total
---------------------------+-------+-------+-------++-------
  Melee: Hand axe          |    74 |   111 |    18 ||   203
         Headbutt          |     9 |    17 |     4 ||    30
         Punch             |       |     3 |       ||     3
  Throw: Boomerang         |     1 |       |       ||     1
 Invoke: Berserk           |       |     1 |     2 ||     3
 Armour: Animal skin       |    12 |    14 |       ||    26
         Leather armour    |       |    11 |    13 ||    24
  Dodge: Dodged            |    42 |    71 |    29 ||   142
